 Dungeon Crawl Stone Soup version 0.28-a0-872-g80cf8599ee (webtiles) character file.

Game seed: 16382578597461336548

53 croobank the Digger (level 3, -2/19 HPs)
             Began as a Gargoyle Earth Elementalist on Nov 20, 2021.
             Was an Initiate of Makhleb.
             Slain by Terence (7 damage)
             ... on level 2 of the Dungeon.
             The game lasted 00:09:42 (2515 turns).

croobank the Digger (Gargoyle Earth Elementalist)   Turns: 2515, Time: 00:09:42

Health: -2/19      AC:  5    Str: 12    XL:     3   Next: 89%
Magic:  4/7        EV: 11    Int: 15    God:    Makhleb [......]
Gold:   48         SH:  0    Dex: 10    Spells: 4/8 levels left

rFire   . . .      SeeInvis .   i - +4 dagger
rCold   . . .      Faith    .   (no shield)
rNeg    + . .      Spirit   .   b - +0 robe
rPois   ∞          Reflect  .   (no helmet)
rElec   +          Harm     .   (no cloak)
rCorr   .          Rampage  .   (no gloves)
Will    .....                   (no boots)
Stlth   ++........              (no amulet)
HPRegen 0.06/turn               (no ring)
MPRegen 0.10/turn               (no ring)

@: no status effects
A: sickness immunity, AC +3, negative energy resistance 1, electricity
resistance, torment resistance 1, petrification resistance
a: Renounce Religion


You were on level 2 of the Dungeon.
You worshipped Makhleb.
Makhleb was noncommittal.
You visited 1 branch of the dungeon, and saw 2 of its levels.

You collected 48 gold pieces.

Inventory:

Hand Weapons
 g - a +0 dagger
 i - a +4 dagger (weapon)
Missiles
 c - 37 stones
 d - 17 poisoned darts
Armour
 b - a +0 robe (worn)
 f - a +0 ring mail
Potions
 a - a potion of brilliance {unknown}
 e - a potion of attraction {unknown}
 h - a potion of curing {unknown}


   Skills:
 + Level 0.2 Short Blades
 - Level 1.5 Dodging
 + Level 2.6 Stealth
 * Level 3.2 Spellcasting
 - Level 0.7 Transmutations
 - Level 4.0 Earth Magic


You had 4 spell levels left.
You knew the following spells:

 Your Spells              Type           Power      Damage    Failure   Level
a - Sandblast             Erth           28%        2d8       3%          1
b - Stone Arrow           Conj/Erth      16%        3d8       26%         3

Your spell library contained the following spells:

 Spells                   Type           Power      Damage    Failure   Level
 Passwall                 Tmut/Erth      7%         N/A       11%         2
 Petrify                  Tmut/Erth      9%         N/A       58%         4


Dungeon Overview and Level Annotations

Branches:
Dungeon (2/15)

Altars:
Makhleb

Annotations:
D:2 Terence


Innate Abilities, Weirdness & Mutations

You are immune to sickness and miasma.
Your stone body is resilient. (AC +3)
You are immune to poison.
You resist negative energy. (rN+)
You are resistant to electric shocks. (rElec)
You are resistant to unholy torment.
You are immune to petrification.


Message History

Terence is moderately wounded.
Terence closely misses you.
You hit Terence but do no damage.
Terence is moderately wounded.
Terence hits you with a +0 short sword.
You barely miss Terence.
Terence is moderately wounded.
Terence misses you.
You hit Terence.
Terence is heavily wounded.
Terence hits you with a +0 short sword.
Aiming: Sandblast (safe; 3% risk of failure)
Press: ? - help, Q - select action, (/) - cycle Shift-Dir - straight line, f - Terence
Aim: Terence, wielding a +0 short sword and wearing a +0 chain mail (heavily wounded, 85% to hit)
The blast of sand hits Terence but does no damage.
Terence is heavily wounded.
Terence barely misses you.
Aiming: Sandblast (safe; 3% risk of failure)
Press: ? - help, Q - select action, (/) - cycle Shift-Dir - straight line, f/p - Terence
Aim: Terence, wielding a +0 short sword and wearing a +0 chain mail (heavily wounded, 85% to hit)
The blast of sand hits Terence but does no damage.
Terence is heavily wounded.
Terence hits you with a +0 short sword.
You hit Terence.
Terence is almost dead.
Terence hits you with a +0 short sword.
* * * LOW HITPOINT WARNING * * *
Terence completely misses you.
Aiming: Sandblast (safe; 3% risk of failure)
Press: ? - help, Q - select action, (/) - cycle Shift-Dir - straight line, f/p - Terence
Aim: Terence, wielding a +0 short sword and wearing a +0 chain mail (almost dead, 85% to hit)
The blast of sand hits Terence.
Terence is almost dead.
Aiming: Sandblast (safe; 3% risk of failure)
Press: ? - help, Q - select action, (/) - cycle Shift-Dir - straight line, f/p - Terence
Aim: Terence, wielding a +0 short sword and wearing a +0 chain mail (almost dead, 85% to hit)
The blast of sand misses Terence.
Terence closely misses you. Terence hits you with a +0 short sword!
You die...

######## #
###......#######..
#.'...............
#.#...............
#.#...............
#.#........<......
######@#...##.#........
#....@.#†..#.###.......
##.#####....#.#........
#.#####...###.#.......
#....####..#.##.......
####.# ##..#.........
.# ##........... .#
#.###......) !#
#.##########


You could see Terence.

Vanquished Creatures
  A dart slug (D:2)
  3 bats
  4 endoplasms
  3 giant cockroaches
  7 goblins
  4 hobgoblins
  6 kobolds
  5 quokkas
  A ball python (D:1)
  3 frilled lizards
  7 rats
44 creatures vanquished.

Notes
Turn   | Place    | Note
-------+----------+-------------------------------------------
     0 | D:1      | croobank the Gargoyle Earth Elementalist began the quest
                  | for the Orb.
     0 | D:1      | Reached XP level 1. HP: 10/10 MP: 3/3
   478 | D:1      | Reached skill level 4 in Earth Magic
   601 | D:1      | Reached XP level 2. HP: 13/15 MP: 5/5
  1178 | D:1      | Found a faded altar of an unknown god.
  1477 | D:1      | Reached XP level 3. HP: 19/19 MP: 5/7
  1790 | D:2      | Found a burning altar of Makhleb.
  1798 | D:2      | Became a worshipper of Makhleb the Destroyer
  1906 | D:2      | Learned a level 3 spell: Stone Arrow
  2496 | D:2      | Noticed Terence
  2515 | D:2      | Slain by Terence

Illustrated notes

Levels and vault maps discovered:
D:1:      matt_arrival_refuge, layout_basic, chequers_ecumenical_altar_island,
          serial_bayou_ford_a
D:2:      layout_basic, basic_altar, minmay_tripent, uniq_terence

Skill      XL: |  1  2  3 |
---------------+----------+-----
Earth Magic    | 4 |  4.0
Spellcasting   | 3 |  3.2
Short Blades   | |  0.2
Dodging        | |  1.5
Stealth        | |  2.6
Transmutations | |  0.7

Action                   || total
-------------------------++-------
Melee: Unarmed           ||    14
       Dagger            ||   110
 Cast: Sandblast         ||    24
  Use: Scroll            ||     3
 Stab: Sleeping          ||     7
Armor: Robe              ||    49
Dodge: Dodged            ||    82

Table legend: (Time is in decaauts)
 A = Elapsed time spent in this place.
 B = Non-inter-level travel time spent in this place.
 C = Inter-level travel time spent in this place.
 D = Time resting spent in this place.
 E = Time spent auto-exploring this place.
 F = Levels seen in this place.
 G = Mean time per level.
                   A        B        C        D        E       F      G
               +--------+--------+--------+--------+--------+-----+--------+
         Total |   2525 |   2511 |     14 |    791 |   1306 |   2 | 1262.5 |
       Dungeon |   2525 |   2511 |     14 |    791 |   1306 |   2 | 1262.5 |
               +--------+--------+--------+--------+--------+-----+--------+

Top non-repeatable levels by time:
     D:1: 1801 daAuts
     D:2: 724 daAuts
